 Dungeon Crawl Stone Soup version 0.24-a0-464-g6b2be6b8c7 (webtiles) character file.

Game seed: 4559459681116590624

216 Peloso the Covered (level 5, 0/47 HPs)
             Began as a Minotaur Fighter on July 3, 2019.
             Succumbed to Crazy Yiuf's poison
             ... on level 2 of the Dungeon.
             The game lasted 00:03:30 (1483 turns).

Peloso the Covered (Minotaur Fighter)               Turns: 1483, Time: 00:03:31

Health: 0/47       AC:  9    Str: 18 (21) XL:     5   Next: 61%
Magic:  4/4        EV:  6    Int:  3 (5)  God:
Gold:   165        SH:  9    Dex: 11 (12) Spells: 4/4 levels left

rFire    . . .     SeeInvis .   a - +0 long sword
rCold    . . .     Gourm    .   c - +0 shield
rNeg     . . .     Faith    .   k - +0 chain mail
rPois    .         Spirit   .   (helmet restricted)
rElec    .         Reflect  .   (no cloak)
rCorr    .         Harm     .   (no gloves)
MR       .....                  (no boots)
Stlth    ..........             (no amulet)
HPRegen  0.15/turn              j - +1 ring of evasion
MPRegen  0.09/turn              (no ring)

@: lethally poisoned (0 -> -2)
A: retaliatory headbutt, claws 1, horns 2, agile 1, mutation resistance 1
a: no special abilities


You were on level 2 of the Dungeon.
You were not hungry.

You visited 1 branch of the dungeon, and saw 2 of its levels.

You collected 165 gold pieces.

Inventory:

Hand Weapons
 a - a +0 long sword (weapon)
Armour
 b - a +0 scale mail
 c - a +0 shield (worn)
 k - a +0 chain mail (worn)
Jewellery
 j - a +1 ring of evasion (left claw)
Scrolls
 g - a scroll of enchant weapon {unknown}
 i - 3 scrolls of immolation {unknown}
 l - 2 scrolls of identify {unknown}
 m - a scroll of enchant armour {unknown}
 n - a scroll of remove curse {unknown}
 o - a scroll of blinking {unknown}
 q - 3 scrolls of teleportation {unknown}
Potions
 p - a potion of mutation
 r - a potion of degeneration
Comestibles
 f - 6 rations


   Skills:
 + Level 4.3 Fighting
 + Level 4.5 Long Blades
 + Level 4.9 Armour
 + Level 1.2 Dodging
 + Level 4.8 Shields


You had 4 spell levels left.
You didn't know any spells.
Your spell library was empty.

Dungeon Overview and Level Annotations

Branches:
Dungeon (2/15)

Altars:
Cheibriados
Xom


Innate Abilities, Weirdness & Mutations

You reflexively headbutt those who attack you in melee.
You have a pair of horns on your head.
You have sharp fingernails.
You are agile. (Dex +2)
You are somewhat resistant to further mutation.


Message History

* * * LOW HITPOINT WARNING * * *
You feel sick.
Unknown command.
Really quaff the potion of mutation?
You feel extremely strange.
Your hooves expand and flesh out into feet!
Your thinking seems confused.
Your fingernails lengthen.
You feel genetically stable.
* * * LOW HITPOINT WARNING * * *
You feel sick.
Unknown command.
* * * LOW HITPOINT WARNING * * *
You feel sick.
* * * LOW HITPOINT WARNING * * *
You feel sick.
* * * LOW HITPOINT WARNING * * *
You feel sick.
* * * LOW HITPOINT WARNING * * *
You feel sick.
You die...

........# ###..........####.#...#
...[..#####......................
......# #........###.....#.......
......###+###.#..# #.....#.#.....
............#....###.........>...
#####.......#.#..................
#######.....#.#..........#.......
.##.........'........##..........
###.###.....#...@....+....#...#.#
..#.#.#########..########.#......
..#.#.###### #....# #...........
#.#...##...# ♣....♣ #.##.#......
#.###.##.### ♣...♣♣ #.##.##..###
#.# #.##.# ♣♣.♣♣ #.##.##..... ..#
#.##.### ♣.♣♣ #.##....†... ###
#.....'# ♣♣.♣ #.###.#.#..#
#####.##.### ♣.♣♣ #.# #.#.#..#


There were no monsters in sight!

Vanquished Creatures
  Crazy Yiuf (D:2)
  Natasha (thrice) (D:2)
  4 gnolls (D:2)
  An adder (D:2)
  2 oozes (D:1)
  A worm (D:2)
  A dart slug (D:1)
  3 leopard geckos (D:1)
  2 bats
  3 giant cockroaches
  7 hobgoblins
  8 jackals (D:1)
  2 quokkas (D:2)
  6 frilled lizards
  3 kobolds
  7 rats
54 creatures vanquished.

Notes
Turn   | Place    | Note
-------+----------+-------------------------------------------
     0 | D:1      | Peloso the Minotaur Fighter began the quest for the Orb.
     0 | D:1      | Reached XP level 1. HP: 19/19 MP: 0/0
    19 | D:1      | Reached XP level 2. HP: 22/27 MP: 1/1
    94 | D:1      | Reached XP level 3. HP: 24/33 MP: 2/2
   722 | D:2      | Found a shimmering altar of Xom.
   861 | D:2      | Found a snail-covered altar of Cheibriados.
  1108 | D:2      | Found a runed translucent door.
  1109 | D:2      | Noticed Crazy Yiuf
  1141 | D:2      | Reached XP level 4. HP: 34/40 MP: 3/3
  1154 | D:2      | Noticed Natasha
  1170 | D:2      | Killed Natasha
  1172 | D:2      | Reached skill level 1 in Dodging
  1175 | D:2      | Noticed Natasha
  1176 | D:2      | Reached XP level 5. HP: 30/46 MP: 4/4
  1181 | D:2      | Killed Natasha
  1391 | D:2      | Noticed Natasha
  1398 | D:2      | Killed Natasha
  1467 | D:2      | Killed Crazy Yiuf
  1469 | D:2      | Gained mutation: You possess an exceptional clarity of
                  | mind. [potion of mutation]
  1469 | D:2      | Gained mutation: You have large cloven feet. [potion of
                  | mutation]
  1469 | D:2      | Gained mutation: You are agile. (Dex +2) [potion of
                  | mutation]
  1473 | D:2      | Lost mutation: You have large cloven feet. [potion of
                  | mutation]
  1473 | D:2      | Lost mutation: You possess an exceptional clarity of mind.
                  | [potion of mutation]
  1473 | D:2      | Gained mutation: You have sharp fingernails. [potion of
                  | mutation]
  1473 | D:2      | Gained mutation: You are somewhat resistant to further
                  | mutation. [potion of mutation]
  1478 | D:2      | HP: 2/47 [poisoned by Crazy Yiuf]
  1483 | D:2      | Succumbed to Crazy Yiuf's poison

Levels and vault maps discovered:
D:1:      dpeg_arrival_pits, layout_basic, chequers_jeans
D:2:      layout_basic, cheibriados_altar_1, xom_teletrap_fun,
          minmay_octomino_e4, uniq_crazy_yiuf_cottage, uniq_natasha

Skill      XL: |  1  2  3  4  5 |
---------------+----------------+-----
Armour         | 4 |  4.9
Fighting       | 4 |  4.3
Shields        | 4 |  4.8
Long Blades    | 3 4 |  4.5
Dodging        | 1 |  1.2

Action                   |  1- 3 |  4- 6 || total
-------------------------+-------+-------++-------
Melee: Long sword        |   119 |    21 ||   140
       Headbutt          |    10 |     3 ||    13
  Use: Potion            |       |     6 ||     6
  Eat: Chunk             |       |     2 ||     2
Armor: Scale mail        |    35 |       ||    35
       Chain mail        |    26 |     6 ||    32
Dodge: Dodged            |    43 |     9 ||    52
Block: Shield            |    59 |    16 ||    75
       Rpst.: Long sword |     9 |     2 ||    11

Table legend:
 A = Non-vault XP
 B = Vault XP
 C = Vault XP percentage of total XP
 D = Non-vault monster count
 E = Vault monster count
 F = Vault count percentage of total count
                 A         B        C        D         E       F
            +---------+---------+-------+---------+---------+-------
      Total |     225 |      84 |  27.2 |      50 |       4 |   7.4
            +---------+---------+-------+---------+---------+-------
        D:1 |      74 |       0 |   0.0 |      34 |       0 |   0.0
        D:2 |     151 |      84 |  35.7 |      16 |       4 |  20.0
            +---------+---------+-------+---------+---------+-------
